 Dungeon Crawl Stone Soup version 0.19-a0-1007-g133f65f (webtiles) character file.

193 rageheart7 the Covered (level 5, -1/41 HPs)
             Began as a Demonspawn Wanderer on July 21, 2016.
             Slain by dozzold's ghost (6 damage)
             ... on level 4 of the Dungeon.
             The game lasted 00:04:53 (2986 turns).

rageheart7 the Covered (Demonspawn Wanderer)        Turns: 2986, Time: 00:04:54

Health: -1/41      AC: 12    Str: 22    XL:     5   Next: 43%
Magic:  5/5        EV: 14    Int: 12    God:
Gold:   140        SH:  0    Dex: 18    Spells: 0 memorised, 4 levels left

rFire  . . .     SeeInvis .     n - +0 mace
rCold  . . .     Gourm    .     a - +2 scale mail
rNeg   . . .     Faith    .     (no shield)
rPois  .         Spirit   .     (no helmet)
rElec  .         Dismiss  +     v - +0 cloak
rCorr  .         Reflect  .     u - +0 pair of gloves {Dex+3}
SustAt .         Harm     .     s - +0 pair of boots
MR     .....                    k - amulet of dismissal
Stlth  ++........               (no ring)
                                (no ring)

@: mighty, agile, lethally poisoned (-1 -> -2), very slightly contaminated,
invisible, not resistant to hostile enchantments, unstealthy
A: claws 1, powered by pain 1
a: no special abilities


You were on level 4 of the Dungeon.
You were hungry.

You visited 1 branch of the dungeon, and saw 4 of its levels.

You collected 140 gold pieces.

Inventory:

Hand Weapons
 n - a +0 mace (weapon)
Missiles
 l - 5 tomahawks (quivered)
 y - 17 arrows
Armour
 a - a +2 scale mail (worn)
 s - a +0 pair of boots (worn)
 u - a +0 pair of gloves of dexterity (worn)
 v - a +0 cloak (worn)
Jewellery
 k - an amulet of dismissal (around neck)
Wands
 o - a wand of iceblast (7/15)
Scrolls
 b - a scroll of random uselessness {unknown}
 d - a scroll of recharging {unknown}
 e - 3 scrolls of identify {unknown}
 g - 3 scrolls of blinking {unknown}
 h - 3 scrolls of teleportation {unknown}
 m - 2 scrolls of remove curse {unknown}
 w - a scroll of noise {unknown}
Potions
 z - a potion of resistance {unknown}
Comestibles
 c - 2 meat rations
 f - a bread ration
 p - a royal jelly
 q - 3 fruits
 t - 7 chunks of flesh
 x - a slice of pizza


   Skills:
 + Level 3.1 Fighting
 * Level 3.8 Maces & Flails
   Level 1.0 Bows
   Level 1.0 Crossbows
 - Level 4.5 Armour
 - Level 1.0 Stealth
 + Level 1.0 Evocations


You had 4 spell levels left.
You didn't know any spells.

Dungeon Overview and Level Annotations

Branches:
Dungeon (4/15)
 Temple: D:4-7

Altars:
Trog

Annotations:
D:4 dozzold's ghost, amateur OgMo


Innate Abilities, Weirdness & Mutations

You have sharp fingernails.
You sometimes gain a little power by taking damage.


Message History

You are too injured to fight recklessly!
You are too injured to fight recklessly!
You are too injured to fight recklessly!
You are too injured to fight recklessly!
You are too injured to fight recklessly!
You are too injured to fight recklessly!
You are too injured to fight recklessly!
You are too injured to fight recklessly!
You are too injured to fight recklessly!
You closely miss dozzold's ghost.
Dozzold's ghost is lightly damaged.
You feel sick. Dozzold's ghost barely misses you.
You closely miss dozzold's ghost.
Dozzold's ghost is lightly damaged.
Dozzold's ghost hits you.
* * * LOW HITPOINT WARNING * * *
You hit dozzold's ghost.
Dozzold's ghost is moderately damaged.
Dozzold's ghost hits you.
You die...

. #. ####### .#
#.###...?.##.###
#..#.......#....
#....<.....#
#.♣.....♣..####
#..............
#..@♣.♣....###
#.W.......##
##.♣.....♣.#
#.....<....#
#..#.......##
#...##.....##
+.. ####### #..


You could see dozzold's ghost.

Vanquished Creatures
  A worker ant (D:4)
  Ijyb (D:2)
  A gnoll (D:1)
  5 adders (D:3)
  An ooze (D:3)
  2 worms (D:3)
  2 dart slugs
  6 orcs (D:3)
  3 giant cockroaches
  6 goblins
  2 hobgoblins (D:2)
  9 jackals
  A quokka (D:3)
  6 bats
  A giant newt (D:2)
  12 kobolds
  11 rats
70 creatures vanquished.

Notes
Turn   | Place    | Note
-------+----------+-------------------------------------------
     0 | D:1      | rageheart7 the Demonspawn Wanderer began the quest for the Orb.
     0 | D:1      | rageheart7 set off with: a +2 scale mail, a potion of curing, a potion of lignification, a +0 club, a bread ration
     0 | D:1      | Reached XP level 1. HP: 15/15 MP: 1/1
   196 | D:1      | Reached skill level 1 in Maces & Flails
   196 | D:1      | Gained mutation: You have sharp fingernails. [demonic ancestry]
   196 | D:1      | Reached XP level 2. HP: 21/21 MP: 2/2
   872 | D:2      | Reached XP level 3. HP: 27/27 MP: 3/3
  1084 | D:2      | Noticed Ijyb
  1107 | D:2      | Killed Ijyb
  1578 | D:3      | Gained mutation: You sometimes gain a little power by taking damage. [demonic ancestry]
  1578 | D:3      | Reached XP level 4. HP: 33/33 MP: 4/4
  2531 | D:3      | Reached XP level 5. HP: 39/39 MP: 5/5
  2643 | D:3      | Found a bloodstained altar of Trog.
  2979 | D:4      | Noticed dozzold's ghost (amateur OgMo)
  2986 | D:4      | Slain by dozzold's ghost

Vault maps used:
D:1:      dpeg_arrival_ratfight
D:2:      uniq_iyjb
D:3:      marbit_many_paths
D:4:      black_bear_nest_1, grunt_ministairs_10, uniq_natasha, uniq_robin

Skill      XL: |  1  2  3  4  5 |
---------------+----------------+-----
Maces & Flails | 1 2 3 |  3.8
Fighting       | 2 3 |  3.1
Bows           | |  1.0
Crossbows      | |  1.0
Armour         | |  4.5
Stealth        | |  1.0
Evocations     | |  1.0

Action                   |  1- 3 |  4- 6 || total
-------------------------+-------+-------++-------
Melee: Club              |   100 |       ||   100
       Whip              |    38 |       ||    38
       Mace              |    19 |   210 ||   229
  Use: Potion            |     2 |     3 ||     5
 Stab: Invisible         |       |     1 ||     1
  Eat: Chunk             |     2 |     5 ||     7
Armor: Scale mail        |    91 |   146 ||   237
       Skin              |     5 |       ||     5
Dodge: Dodged            |    79 |   137 ||   216
